 Dungeon Crawl Stone Soup version 0.30.1 (webtiles) character file.

Game seed: 11269774230706049013

120 cdecastro the Trooper (level 5, -7/50 HPs)
             Began as a Hill Orc Fighter on July 2, 2023.
             Was a Follower of the Shining One.
             Succumbed to a kobold brigand's poison
             ... in a sewer.
             The game lasted 00:03:08 (1665 turns).

cdecastro the Trooper (Hill Orc Fighter)            Turns: 1665, Time: 00:03:09

Health: -7/50      AC:  6    Str: 21    XL:     5   Next: 4%
Magic:  5/5        EV:  9    Int:  8    God:    the Shining One [*.....]
Gold:   219        SH:  4    Dex: 10    Spells: 4/4 levels left

rFire   . . .        a - +0 war axe
rCold   . . .        c - +0 buckler
rNeg    . . .        b - +0 scale mail
rPois   .            (no helmet)
rElec   .            (no cloak)
rCorr   .            (no gloves)
SInv    .            (no boots)
Will    .....        (no amulet) Stlth
                     (no ring)
HPRegen 0.28/turn    (no ring)
MPRegen 0.09/turn

%: no passive effects
@: lethally poisoned (-7 -> -27), slowed, glowing, very slow
A: no striking features
a: Renounce Religion, Divine Shield


You were in a sewer.
You worshipped the Shining One.
The Shining One was aware of your devotion.
You visited 1 branch of the dungeon, and saw 3 of its levels.
You also visited: Sewer.

You collected 219 gold pieces.

Inventory:

Hand Weapons
 a - a +0 war axe (weapon)
Missiles
 r - 6 poisoned darts (quivered)
Armour
 b - a +0 scale mail (worn)
 c - a +0 buckler (worn)
Scrolls
 f - a scroll of magic mapping {unknown}
 i - 2 scrolls of teleportation {unknown}
 j - 3 scrolls of immolation {unknown}
 k - a scroll of torment {unknown}
 l - a scroll of identify {unknown}
 m - a scroll of noise {unknown}
 p - a scroll of amnesia {unknown}
 q - 2 scrolls of poison {unknown}
Potions
 d - 2 potions of might
 e - 4 potions of heal wounds {unknown}
 h - a potion of magic {unknown}
 n - a potion of flight {unknown}
 o - a potion of brilliance {unknown}


   Skills:
 * Level 5.9 Fighting
 + Level 4.3 Axes
 - Level 3.2 Armour
 - Level 3.2 Shields


You had 4 spell levels left.
You didn't know any spells.
Your spell library was empty.

Dungeon Overview and Level Annotations

Branches:
Dungeon (3/15)              Sewer (1/1)

Altars:
The Shining One

Annotations:
D:2 vault need fly


Message History

You hit the kobold brigand but do no damage.
You feel very sick.
The kobold brigand hits you with a +2 dagger of venom.
* * * LOW HITPOINT WARNING * * *
You are lethally poisoned!
The kobold brigand barely misses you.
You slash the kobold brigand!
The kobold brigand is moderately wounded.
* * * LOW HITPOINT WARNING * * *
You feel extremely sick.
The kobold brigand hits you with a +2 dagger of venom.
* * * LOW HITPOINT WARNING * * *
You are more poisoned.
You block the kobold brigand's attack.
You feel better.
The kobold brigand hits you with a +2 dagger of venom.
* * * LOW HITPOINT WARNING * * *
You are poisoned.
The kobold brigand hits you with a +2 dagger of venom!
* * * LOW HITPOINT WARNING * * *
You feel better.
The kobold brigand hits you with a +2 dagger of venom!
* * * LOW HITPOINT WARNING * * *
You are lethally poisoned!
You feel better.
The kobold brigand hits you with a +2 dagger of venom!
* * * LOW HITPOINT WARNING * * *
The kobold brigand barely misses you.
You hit the kobold brigand but do no damage.
The kobold brigand is moderately wounded.
The kobold brigand hits you with a +2 dagger of venom.
* * * LOW HITPOINT WARNING * * *
You are lethally poisoned!
The kobold brigand hits you but does no damage.
You are more poisoned.
Okay, then.
Unknown command.
You hit the kobold brigand but do no damage.
The kobold brigand is moderately wounded.
You die...

~~ ≈ ≈≈ ~ ~~~
######~##############
~..P~~~~P~~.~~~#..?.#
...~~~~~~....~~'..∩.#
......~~P...~~.'@K..#
...............#..!.#
..............#######
..............#
.....†......###
.PP....P#####
.####.### ## ###


You could see a kobold brigand.

Vanquished Creatures
  An adder (D:2)
  3 gnolls (D:2)
  4 dart slugs
  2 worms (D:2)
  4 endoplasms (D:2)
  4 giant cockroaches
  7 goblins
  3 hobgoblins
  4 jackals (D:1)
  6 kobolds
  5 quokkas
  7 ball pythons
  6 bats
  4 frilled lizards
  10 rats
70 creatures vanquished.

Notes
Turn   | Place    | Note
-------+----------+-------------------------------------------
     0 | D:1      | cdecastro the Hill Orc Fighter began the quest for the Orb.
     0 | D:1      | Reached XP level 1. HP: 19/19 MP: 1/1
   113 | D:1      | Reached skill level 4 in Fighting
   113 | D:1      | Reached XP level 2. HP: 21/27 MP: 2/2
   338 | D:1      | Reached XP level 3. HP: 34/34 MP: 3/3
   602 | D:1      | Found a faded altar of an unknown god.
   626 | D:1      | Prayed at the altar of an unknown god.
   626 | D:1      | Became a worshipper of the Shining One
   626 | D:1      | Reached * piety under the Shining One
   790 | D:2      | Reached skill level 5 in Fighting
   868 | D:2      | Reached XP level 4. HP: 42/42 MP: 4/4
  1519 | D:3      | Found a glowing drain.
  1534 | Sewer    | Entered a sewer
  1555 | Sewer    | Reached XP level 5. HP: 42/50 MP: 5/5
  1654 | Sewer    | Noticed a kobold brigand
  1662 | Sewer    | HP: 1/50 [kobold brigand/+2 dagger of venom (7)]
  1665 | Sewer    | Succumbed to a kobold brigand's poison

Illustrated notes

Levels and vault maps discovered:
D:1:      ebering_trefoil_3fold, layout_loops_cross,
          shapermc_ecumenical_altar_mp_ritualfount, minivault_27,
          minmay_tetromino_s2
D:2:      layout_basic, minmay_goblin_outpost
D:3:      layout_basic, portal_sewer_entry_e
Sewer:    kennysheep_pipe_town

Skill      XL: |  1  2  3  4 |
---------------+-------------+-----
Fighting       | 4 5 |  5.9
Axes           | 3 4 |  4.3
Armour         | |  3.2
Shields        | |  3.2

Action                     |  1- 3 |  4- 6 || total
---------------------------+-------+-------++-------
  Melee: War axe           |    97 |    74 ||   171
    Use: Potion            |       |     3 ||     3
 Armour: Scale mail        |    35 |    32 ||    67
  Dodge: Dodged            |    49 |    25 ||    74
  Block: Buckler           |    18 |    17 ||    35
